 Dungeon Crawl Stone Soup version 0.22.1-1-ga44c0e5 (webtiles) character file.

1142 nicolaieve the Basher (level 8, -1/99 HPs)
             Began as a Minotaur Berserker on Oct 23, 2018.
             Was a Priest of Trog.
             Slain by a yak (7 damage)
             ... on level 5 of the Dungeon.
             The game lasted 00:13:28 (2749 turns).

nicolaieve the Basher (Minotaur Berserker)          Turns: 2749, Time: 00:13:28

Health: -1/99      AC: 13    Str: 26    XL:     8   Next: 15%
Magic:  7/7        EV:  8    Int:  4    God:    Trog [***...]
Gold:   244        SH:  0    Dex: 13    Spells: 7/7 levels left

rFire    . . .     SeeInvis .   t - +0 whip
rCold    . . .     Gourm    .   (no shield)
rNeg     . . .     Faith    .   d - +0 plate armour
rPois    +         Spirit   .   (helmet restricted)
rElec    .         Reflect  .   m - +1 cloak
rCorr    .         Harm     .   (no gloves)
MR       ++...                  (no boots)
Stlth    ..........             (no amulet)
HPRegen  1.26/turn              s - ring of poison resistance
MPRegen  0.10/turn              (no ring)

@: berserking, regenerating, very quick
A: retaliatory headbutt, horns 2
a: Berserk, Trog's Hand, Renounce Religion


You were on level 5 of the Dungeon.
You worshipped Trog.
Trog was most pleased with you.
You were very hungry.

You visited 1 branch of the dungeon, and saw 5 of its levels.

You collected 244 gold pieces.

Inventory:

Hand Weapons
 f - a +0 hunting sling
 t - a +0 whip (weapon)
Missiles
 h - 12 sling bullets
 B - 42 stones (quivered)
Armour
 d - a +0 plate armour (worn)
 e - a +0 shield
 m - a +1 cloak (worn)
Jewellery
 s - a ring of poison resistance (left hand)
 A - an uncursed amulet of magic regeneration {unknown}
 F - a cursed ring of magical power {unknown}
Scrolls
 g - 4 scrolls of amnesia {unknown}
 j - 4 scrolls of identify {unknown}
 r - 2 scrolls of enchant armour {unknown}
 u - a scroll of noise {unknown}
 v - 2 scrolls of remove curse {unknown}
 w - a scroll of random uselessness {unknown}
 x - 2 scrolls of enchant weapon {unknown}
 y - 2 scrolls of immolation {unknown}
 z - 2 scrolls of teleportation {unknown}
 D - a scroll of fear {unknown}
Potions
 a - a potion of might {unknown}
 b - 2 potions of heal wounds {unknown}
 i - 2 potions of flight {unknown}
 k - a potion of ambrosia {unknown}
 l - 4 potions of cancellation {unknown}
 n - 3 potions of curing {unknown}
 o - a potion of mutation {unknown}
 p - a potion of agility {unknown}
 q - 4 potions of haste {unknown}
 E - a potion of degeneration {unknown}
 G - a potion of brilliance {unknown}
Comestibles
 c - 5 rations
 C - 11 chunks of flesh


   Skills:
 - Level 3.6 Fighting
 + Level 11.8 Maces & Flails
 - Level 2.4 Armour
 - Level 2.2 Dodging


You had 7 spell levels left.
You didn't know any spells.
Your spell library was empty.

Dungeon Overview and Level Annotations

Branches:
Dungeon (5/15)
 Temple: D:4-7

Altars:


Innate Abilities, Weirdness & Mutations

You reflexively headbutt those who attack you in melee.
You have a pair of horns on your head.


Message History

A red film seems to cover your vision as you go berserk!
You feel yourself moving faster!
You feel mighty!
You are feeling very hungry.
The yak gores you.
* * * LOW HITPOINT WARNING * * *
The yak gores you!
* * * LOW HITPOINT WARNING * * *
The yak barely misses you. You furiously retaliate!
You headbutt the yak! You barely miss the yak. You headbutt the yak.
You kill the yak!
Trog accepts your kill. The yak gores you but does no damage.
You hit the yak.
The yak is heavily wounded.
You whack the yak!
The yak is severely wounded.
The yak gores you.
* * * LOW HITPOINT WARNING * * *
The yak gores you!
You die...

# # ..# .#. #. ..# ...
..#### ..## .... ......
#.. ..... .....#
####.##..... ...).#####
........... .....#...
#.Y.#..... .....#.##
#####.@Y......
........###..>..........
.....##...#......#######
.....####...#.#....#
....รท.>.<..##.##.#....
######.....##.##.?.....
#......#....##.......
#.#..######.##.......
#...## #.# .......


You could see 2 yaks.

Vanquished Creatures
  Grinder (D:4)
  2 yaks (D:5)
  A sky beast (D:4)
  Blork the orc (D:4)
  A scorpion (D:3)
  2 crimson imps
  2 hounds (D:4)
  A bullfrog skeleton (D:5)
  Jessica (D:2)
  2 iguanas
  A worker ant (D:4)
  Robin (D:4)
  8 adders
  A shadow imp (D:5)
  2 oozes
  4 worms
  3 dart slugs
  2 leopard geckos (D:2)
  An orc (D:5)
  11 giant cockroaches
  11 hobgoblins
  8 bats
  2 frilled lizards (D:2)
  19 goblins
  10 kobolds
  12 rats
110 creatures vanquished.

Vanquished Creatures (others)
  A kobold (D:1)
1 creature vanquished.

Grand Total: 111 creatures vanquished

Notes
Turn   | Place    | Note
-------+----------+-------------------------------------------
     0 | D:1      | nicolaieve the Minotaur Berserker began the quest for the
                  | Orb.
     0 | D:1      | Reached XP level 1. HP: 19/19 MP: 0/0
    73 | D:1      | Reached skill level 4 in Maces & Flails
    76 | D:1      | Reached XP level 2. HP: 27/27 MP: 1/1
   262 | D:1      | Reached ** piety under Trog
   335 | D:1      | Reached skill level 5 in Maces & Flails
   359 | D:1      | Reached XP level 3. HP: 33/33 MP: 2/2
   665 | D:2      | Noticed Jessica
   681 | D:2      | Killed Jessica
   681 | D:2      | Reached skill level 6 in Maces & Flails
   681 | D:2      | Reached XP level 4. HP: 36/40 MP: 3/3
  1215 | D:3      | Reached *** piety under Trog
  1234 | D:3      | Reached XP level 5. HP: 46/46 MP: 4/4
  1336 | D:3      | Reached skill level 7 in Maces & Flails
  1766 | D:4      | Noticed Grinder
  1773 | D:4      | Reached skill level 8 in Maces & Flails
  1783 | D:4      | Paralysed by Grinder for 2 turns
  1789 | D:4      | Killed Grinder
  1789 | D:4      | Reached skill level 9 in Maces & Flails
  1789 | D:4      | Reached XP level 6. HP: 35/52 MP: 5/5
  2032 | D:4      | Noticed a sky beast
  2049 | D:4      | Killed a sky beast
  2049 | D:4      | Reached XP level 7. HP: 20/58 MP: 6/6
  2142 | D:4      | Noticed Robin
  2157 | D:4      | Killed Robin
  2158 | D:4      | Reached skill level 10 in Maces & Flails
  2307 | D:4      | Noticed Blork the orc
  2325 | D:4      | Killed Blork the orc
  2530 | D:5      | Entered Level 5 of the Dungeon
  2696 | D:5      | Reached skill level 11 in Maces & Flails
  2722 | D:5      | Noticed a yak
  2722 | D:5      | Noticed a yak
  2723 | D:5      | Noticed a yak
  2723 | D:5      | Noticed a yak
  2729 | D:5      | Killed a yak
  2729 | D:5      | Reached XP level 8. HP: 47/66 MP: 7/7
  2749 | D:5      | Slain by a yak

Skill      XL: |  1  2  3  4  5  6  7 |
---------------+----------------------+-----
Maces & Flails | 4 5 6 9 11 | 11.8
Fighting       | |  3.6
Armour         | |  2.4
Dodging        | |  2.2

Action                   |  1- 3 |  4- 6 |  7- 9 || total
-------------------------+-------+-------+-------++-------
Melee: Mace              |    80 |    64 |       ||   144
       Headbutt          |     8 |    43 |    25 ||    76
       Whip              |       |   126 |   106 ||   232
Invok: Berserk           |     1 |     1 |     3 ||     5
       Trog's Hand       |     2 |       |     2 ||     4
  Eat: Chunk             |     1 |     4 |     6 ||    11
Armor: Plate armour      |    81 |   103 |    44 ||   228
Dodge: Dodged            |    37 |    35 |    27 ||    99
